 Dungeon Sprint DCSS version 0.31.0-32-g396128a36d (webtiles) character file.

Game seed: 8713609370729492768

26573 James the Acrobat (level 12, -13/81 HPs)
             Began as a Felid Berserker on Apr 20, 2024.
             Was the Champion of Trog.
             Shot with an arrow by a deep elf master archer (37 damage)
             ... in the Dungeon (Sprint I: "Red Sonja").
             The game lasted 00:33:08 (4065 turns).

James the Acrobat (Felid Berserker)                 Turns: 4065, Time: 00:33:08

Health: -13/81     AC:  3    Str: 15    XL:     12   Next: 99%
Magic:  0/13       EV: 35    Int: 12    God:    Trog [******]
Gold:   1892       SH:  0    Dex: 18    Spells: 11/11 levels left
                                        Lives:  0   Deaths: 3

rFire   + .          .
                       - Unarmed
rCold   + . .        (shield unavailable)
rNeg    . . .        (body armour unavailable)
rPois   .            (helmet unavailable)
rElec   .            (cloak unavailable)
rCorr   .            (gloves unavailable)
SInv    +            (boots unavailable)
Will    +....        l - amulet of guardian spirit
Stlth   ++++         y - +4 ring of slaying
HPRegen 0.33/turn    i - ring of protection from fire
MPRegen 0.13/turn

%: no teleportation, guardian spirit
@: very slow
A: very small, claws 1, fangs 3, see invisible, shaggy fur 3, stealthy paws, no
weapons or thrown items, no armour, multi-lived
a: Renounce Religion, Berserk, Trog's Hand, Brothers in Arms


You were in the Dungeon.
You worshipped Trog.
Trog was exalted by your worship.
You visited 1 branch You collected 4477 gold pieces.
You spent 2585 gold pieces at shops.

Inventory:

Missiles
 h - a throwing net {!f}
Jewellery
 e - an amulet of regeneration
   (You found it in the Dungeon)
 i - a ring of protection from fire (right paw)
   (You bought it in a shop in the Dungeon)
 l - an amulet of guardian spirit (around neck)
   (You bought it in a shop in the Dungeon)
 y - a +4 ring of slaying (left paw)
   (You bought it in a shop in the Dungeon)
Wands
 g - a wand of polymorph (22)
   (You took it off Sigmund in the Dungeon)
 r - a wand of mindburst (15)
   (You found it in the Dungeon)
 t - a wand of flame (7)
   (You took it off Ijyb in the Dungeon)
 v - a wand of digging (7)
   (You found it in the Dungeon)
Scrolls
 f - 2 scrolls of blinking
 j - 3 scrolls of poison {unknown}
 k - a scroll of enchant weapon {unknown}
 m - a scroll of summoning
 n - a scroll of fear
 q - a scroll of immolation {unknown}
 s - a scroll of fog {unknown}
 z - a scroll of identify {unknown}
Potions
 a - 5 potions of curing {@q1}
 b - 2 potions of heal wounds {@q2}
 c - 2 potions of haste {@q3}
 d - 2 potions of magic
 o - a potion of invisibility
 u - a potion of berserk rage
 w - a potion of might
 x - a potion of ambrosia {unknown}


   Skills:
 + Level 18.0 Fighting
 - Level 22.0 Dodging
 - Level 20.0 Stealth
 - Level 20.0 Unarmed Combat


You had 11 spell levels left.
You didn't know any spells.
Your spell library was empty.

Dungeon Overview and Level Annotations

Branches:
Dungeon (1/1)

Altars:
Cheibriados
Dithmenos
Elyvilon
Fedhas
Gozag
Hepliaklqana
Kikubaaqudgha
Makhleb
Nemelex Xobeh
Okawaru
Qazlal
Ru
Sif Muna
Trog
Uskayaw
Vehumet
Wu Jian
Xom
Yredelemnul
Zin
The Shining One
Jiyva
Lugonu

Shops:
D ==!(!*[*::(?=![:[?:[(=

Annotations:
D exclusion: oklob plant, Lom Lobon, Tiamat


Innate Abilities, Weirdness & Mutations

You have sharp claws.
You have razor-sharp teeth.
You have supernaturally acute eyesight. (SInv)
Your thick and shaggy fur keeps you warm. (AC +3, rC+)
Your paws help you pounce on unaware monsters.
You are incapable of wielding weapons or throwing items.
You cannot wear armour.
You gain extra lives every three experience levels.


Message History

Found 81 gold pieces.
There is an open door here.
Found 108 gold pieces.
You now have 1568 gold pieces (gained 27).
You now have 1595 gold pieces (gained 27).
You now have 1622 gold pieces (gained 27).
You now have 1649 gold pieces (gained 27).
You now have 1676 gold pieces (gained 27).
You now have 1703 gold pieces (gained 27).
You now have 1730 gold pieces (gained 27).
You now have 1757 gold pieces (gained 27).
You now have 1784 gold pieces (gained 27).
You now have 1811 gold pieces (gained 27).
You now have 1838 gold pieces (gained 27).
You now have 1865 gold pieces (gained 27).
You start resting.
You start resting.
A deep elf master archer comes into view.
It is wearing the +4 Cigotuvi's embrace {Corpsefed rMiasma ^Drain rN+} and wearing the ring "Qumpig" {^Contam rF+++ Will++ rCorr Str+6}.
You see here 27 gold pieces.
You now have 1892 gold pieces (gained 27).
There is an open door here.
The deep elf master archer shouts!
The deep elf master archer wields a +0 longbow.
The deep elf master archer shoots an arrow.
The arrow completely misses you.
The deep elf master archer shoots an arrow.
The arrow hits you!!
The deep elf master archer shoots an arrow.
The arrow hits you!
There is an open door, spattered with blood here.
You enter the shallow water.
Moving in this stuff is going to be slow.
The deep elf master archer shoots an arrow.
The arrow hits you!!
* * * LOW HITPOINT WARNING * * *
The deep elf master archer unwields a +0 longbow.
The deep elf master archer hits you!
* * * LOW HITPOINT WARNING * * *
You mangle the deep elf master archer!! You bite the deep elf master archer.
Your unstable footing causes you to fumble your attack.
The deep elf master archer wields a +0 longbow.
The deep elf master archer shoots an arrow.
The arrow misses you.
You claw the deep elf master archer!
Unknown command.
You claw the deep elf master archer!
You bite the deep elf master archer, but do no damage.
The deep elf master archer shoots an arrow.
The arrow hits you!!!
You die...

###..###...#P≈..##§§.§...§.§##,*
..#).#.###.#M≈..#.§§§§§:.....#,*
....°....#.###..#...§.)....§.#,*
......°..#.#.'..##.........§##,*
......####'#†##'##..........#,,*
#...###....#.#~~~##........##,,*
#####...####*#~~~~##.....(##,,,*
.))...###,§**#~~e~~########,,,,*
..#####,,^§####~@~~#~~~~~*,,,,,*
.##,,,,,,.°#..#'~~~'~~.~~',,,,,*
##,,,,,,°°,#...##~~#~~~~~*~~~,,*
#,,^^,,.&°,#....######'#****~~~*
#****,.°°,,#....#~~~~~~≈~~~**~~*
≈≈≈d*,^,,,,######*~~~~~~~~~~~~~*
####*,^,,,^',,*,,',,,~~~~~~~*~~*
+,,,,,,,,,,*,,',,*,,,,,,,,~~~*~*
#*******************************


You could see a deep elf master archer.

Vanquished Creatures
  the Lernaean hydra (D)
  A golden dragon (D)
  A shadow dragon (D)
  4 fire giants (D)
  A lorocyproca (D)
  A deep elf annihilator (D)
  A hydra (D)
  2 centaur warriors (D)
  4 demonic crawlers (D)
  Sonja (D)
  A deep troll (D)
  An oklob plant (D)
  A lindwurm (D)
  8 shining eyes (D)
  2 merfolk sirens (D)
  2 gargoyles (D)
  2 kobold demonologists (D)
  7 unseen horrors (D)
  A hellwing (D)
  5 hornets (D)
  7 glass eyes (D)
  Sigmund (D)
  A slime creature (D)
  A yak (D)
  13 hogs (D)
  2 redbacks (D)
  An ogre (D)
  7 necrophages (D)
  8 jellies (D)
  Ijyb (D)
89 creatures vanquished.

Vanquished Creatures (others)
  5 ball lightnings (D)
  2 ballistomycete spores (D)
7 creatures vanquished.

Grand Total: 96 creatures vanquished

Notes
Turn   | Place    | Note
-------+----------+-------------------------------------------
     0 | D        | James the Felid Berserker began the quest for the Orb.
     0 | D        | Reached XP level 1. HP: 12/12 MP: 2/2
     1 | D        | Noticed Ijyb
    20 | D        | Killed Ijyb
    21 | D        | Reached skill level 5 in Stealth
    21 | D        | Reached XP level 2. HP: 3/17 MP: 3/3
    86 | D        | Noticed an ogre
    89 | D        | Killed an ogre
    90 | D        | Reached skill level 5 in Unarmed Combat
    90 | D        | Reached skill level 5 in Fighting
    90 | D        | Reached skill level 6 in Dodging
    90 | D        | Reached XP level 3. HP: 23/23 MP: 4/4
    90 | D        | Reached XP level 4. HP: 27/27 MP: 5/5
    90 | D        | Gained a life (2 lives remaining)
   199 | D        | Noticed Sigmund
   203 | D        | Killed Sigmund
   203 | D        | Reached ** piety under Trog
   204 | D        | Reached skill level 10 in Unarmed Combat
   204 | D        | Reached XP level 5. HP: 30/30 MP: 6/6
   264 | D        | Found an ornate altar of the Wu Jian Council.
   264 | D        | Found a shimmering blue altar of Sif Muna.
   266 | D        | Found a radiant altar of Vehumet.
   272 | D        | Gained mutation: You are covered in thick fur. (AC +2)
                  | [Felid growth]
   272 | D        | Reached XP level 6. HP: 30/35 MP: 7/7
   313 | D        | Found Jixoxzigio's Antique Weapon Emporium.
   313 | D        | Found an ancient bone altar of Kikubaaqudgha.
   313 | D        | Found a hazy altar of Hepliaklqana.
   313 | D        | Found a stormy altar of Qazlal.
   313 | D        | Found a hide-covered altar of Uskayaw.
   313 | D        | Found a blossoming altar of Fedhas.
   313 | D        | Found a bloodstained altar of Trog.
   313 | D        | Found an iron altar of Okawaru.
   313 | D        | Found a basalt altar of Yredelemnul.
   313 | D        | Found a glowing golden altar of the Shining One.
   313 | D        | Found a snail-covered altar of Cheibriados.
   313 | D        | Found a sacrificial altar of Ru.
   313 | D        | Found a glowing silver altar of Zin.
   313 | D        | Found a shadowy altar of Dithmenos.
   313 | D        | Found a white marble altar of Elyvilon.
   313 | D        | Noticed a yak
   314 | D        | Found an opulent altar of Gozag.
   315 | D        | Killed a yak
   316 | D        | Reached skill level 7 in Dodging
   416 | D        | Found a sparkling altar of Nemelex Xobeh.
   427 | D        | Noticed Sonja
   431 | D        | Killed Sonja
   431 | D        | Reached *** piety under Trog
   432 | D        | Reached skill level 8 in Dodging
   432 | D        | Reached skill level 10 in Stealth
   432 | D        | Reached skill level 10 in Dodging
   432 | D        | Reached XP level 7. HP: 43/43 MP: 8/8
   446 | D        | Found Read's Jewellery Boutique.
   519 | D        | Noticed a deep troll
   523 | D        | Killed a deep troll
   524 | D        | Reached skill level 10 in Fighting
   524 | D        | Reached XP level 8. HP: 50/50 MP: 9/9
   553 | D        | Found a burning altar of Makhleb.
   553 | D        | Found a viscous altar of Jiyva.
   553 | D        | Found a shimmering altar of Xom.
   553 | D        | Found a corrupted altar of Lugonu.
   553 | D        | Noticed a slime creature
   556 | D        | Killed a slime creature
   584 | D        | Noticed a centaur warrior
   584 | D        | Noticed a centaur warrior
   592 | D        | Killed a centaur warrior
   593 | D        | Reached skill level 12 in Dodging
   593 | D        | Reached skill level 13 in Dodging
   593 | D        | Reached XP level 9. HP: 54/54 MP: 10/10
   600 | D        | Killed a centaur warrior
   600 | D        | Reached **** piety under Trog
   601 | D        | Reached skill level 15 in Dodging
   773 | D        | Found Gom Joys's Armour Emporium.
   809 | D        | Noticed a kobold demonologist
   810 | D        | Noticed a kobold demonologist
   812 | D        | Killed a kobold demonologist
   813 | D        | Reached skill level 15 in Unarmed Combat
   813 | D        | Noticed a sixfirhy
   819 | D        | Mangled by a sixfirhy
   819 | D        | Lost a life (1 life remaining)
   824 | D        | Noticed a lindwurm
   828 | D        | Killed a lindwurm
   937 | D        | Noticed a demonic crawler
   937 | D        | Noticed a demonic crawler
   937 | D        | Noticed a demonic crawler
   937 | D        | Noticed a demonic crawler
   939 | D        | Killed a demonic crawler
   939 | D        | Reached ***** piety under Trog
   940 | D        | Reached XP level 10. HP: 62/62 MP: 11/11
   940 | D        | Gained a life (2 lives remaining)
   940 | D        | Killed a demonic crawler
   941 | D        | Reached skill level 15 in Stealth
   946 | D        | Killed a demonic crawler
   947 | D        | Reached skill level 16 in Dodging
   953 | D        | Killed a demonic crawler
   954 | D        | Reached skill level 18 in Dodging
  1027 | D        | Noticed a shining eye
  1027 | D        | Noticed a shining eye
  1028 | D        | Noticed a shining eye
  1048 | D        | Noticed an oklob plant
  1058 | D        | Killed an oklob plant
  1059 | D        | Reached skill level 19 in Dodging
  1116 | D        | Reached skill level 20 in Dodging
  1175 | D        | Reached ****** piety under Trog
  1176 | D        | Reached XP level 11. HP: 68/68 MP: 12/12
  1321 | D        | Found Hymov's General Store.
  1321 | D        | Found Hugaogh's Antique Armour Shop.
  1321 | D        | Found Hyafyna's Book Boutique.
  1323 | D        | Found Xaefircha's Book Emporium.
  1323 | D        | Found Vorih's Antique Weapon Shop.
  1323 | D        | Found Furun's Magic Scroll Shoppe.
  1323 | D        | Found Cotoacs's Jewellery Boutique.
  1323 | D        | Found Berio's Distillery.
  1323 | D        | Found Ituax's Antique Armour Shop.
  1323 | D        | Found Tuyclug's Book Shoppe.
  1326 | D        | Found Capede's Armour Boutique.
  1327 | D        | Found Usacuwot's Book Emporium.
  1327 | D        | Found Damuda Heo's Magic Scroll Boutique.
  1328 | D        | Found Ymoeden's Antique Weapon Emporium.
  1343 | D        | Bought an amulet of guardian spirit for 390 gold pieces
  1349 | D        | Bought a scroll of revelation for 75 gold pieces
  1349 | D        | Noticed a shining eye
  1349 | D        | Noticed a shining eye
  1349 | D        | Found Xuej's Assorted Antiques.
  1349 | D        | Found Zanlauvi's Distillery.
  1350 | D        | Bought a scroll of summoning for 95 gold pieces
  1353 | D        | Bought a scroll of fear for 44 gold pieces
  1353 | D        | Bought a potion of invisibility for 88 gold pieces
  1353 | D        | Bought a potion of curing for 33 gold pieces
  1353 | D        | Bought a potion of heal wounds for 55 gold pieces
  1358 | D        | Bought a potion of resistance for 120 gold pieces
  1589 | D        | Noticed a 12-headed hydra
  1591 | D        | Killed a 12-headed hydra
  1918 | D        | Noticed a daeva
  1985 | D        | Noticed a fire giant
  1988 | D        | Noticed a fire giant
  1989 | D        | Noticed a fire giant
  1990 | D        | Noticed a fire giant
  1992 | D        | Killed a fire giant
  2005 | D        | Killed a fire giant
  2008 | D        | Killed a fire giant
  2009 | D        | Gained mutation: Your thick and shaggy fur keeps you warm.
                  | (AC +3, rC+) [Felid growth]
  2009 | D        | Reached XP level 12. HP: 70/74 MP: 6/13
  2013 | D        | Killed a fire giant
  2033 | D        | Found the +4 dragonskin cloak
  2033 | D        | Noticed Tiamat
  2182 | D        | Noticed a lorocyproca
  2207 | D        | Killed a lorocyproca
  2644 | D        | Bought a +4 ring of slaying for 1014 gold pieces
  2782 | D        | Gained mutation: You are frail. (-10% HP) [a shining eye]
  2789 | D        | Lost mutation: You are frail. (-10% HP) [a shining eye]
  2795 | D        | Reached skill level 15 in Fighting
  2800 | D        | Gained mutation: You occasionally shout uncontrollably at
                  | your foes. [a shining eye]
  2803 | D        | Lost mutation: You occasionally shout uncontrollably at
                  | your foes. [a shining eye]
  2854 | D        | Found Faarapn's Jewellery Shoppe.
  2854 | D        | Found Zough's Distillery.
  2878 | D        | Bought a potion of might for 48 gold pieces
  2878 | D        | Bought a potion of heal wounds for 60 gold pieces
  2878 | D        | Bought a potion of might for 48 gold pieces
  2880 | D        | Bought a ring of protection from fire for 275 gold pieces
  2932 | D        | Bought 2 potions of haste for 240 gold pieces
  2997 | D        | Noticed a deep elf annihilator
  2999 | D        | Found the +13 scythe of Curses {drain, curses, ^Drain}
  3018 | D        | Killed a deep elf annihilator
  3019 | D        | Reached skill level 21 in Dodging
  3025 | D        | Noticed a mummy priest
  3029 | D        | Reached skill level 22 in Dodging
  3217 | D        | Noticed a shadow dragon
  3217 | D        | Noticed a golden dragon
  3233 | D        | Killed a shadow dragon
  3243 | D        | Killed a golden dragon
  3378 | D        | Found Ytidycle's Jewellery Shoppe.
  3829 | D        | Noticed Lom Lobon
  3846 | D        | HP: 3/80 [spore (10)]
  3848 | D        | Killed by an exploding ball lightning
  3848 | D        | Lost a life (1 life remaining)
  3868 | D        | Noticed the 27-headed Lernaean hydra
  3883 | D        | Mangled by the 27-headed Lernaean hydra
  3883 | D        | Lost a life (0 lives remaining)
  3896 | D        | Killed the 27-headed Lernaean hydra
  4052 | D        | Identified the ring "Qumpig" {^Contam rF+++ Will++ rCorr
                  | Str+6}
  4052 | D        | Noticed a deep elf master archer
  4065 | D        | Shot with an arrow by a deep elf master archer

Illustrated notes

Levels and vault maps discovered:
D:        dungeon_sprint_1 [red_sonja_temple_1, red_sonja_temple_small_1]

Skill      XL: |  1  2  3  4  5  6  7  8  9 10 11 12 |
---------------+-------------------------------------+-----
Stealth        | 5 6 7 11 14 15 20 | 20.0
Unarmed Combat | 4 6 10 11 12 13 14 15 18 20 | 20.0
Fighting       | 4 5 8 10 12 13 14 18 | 18.0
Dodging        | 6 10 13 15 20 22 | 22.0

Action                     |  1- 3 |  4- 6 |  7- 9 | 10-12 || total
---------------------------+-------+-------+-------+-------++-------
  Melee: Unarmed           |    19 |     7 |    21 |   255 ||   302
         Bite              |     4 |     1 |     1 |    34 ||    40
         Punch             |     1 |       |     1 |    32 ||    34
 Invoke: Berserk           |       |     1 |     2 |     8 ||    11
         Trog's Hand       |       |       |       |     3 ||     3
  Evoke: Wand              |       |       |       |     3 ||     3
    Use: Scroll            |       |       |       |     1 ||     1
         Potion            |       |       |       |     5 ||     5
   Stab: Sleeping          |     1 |     2 |     5 |    12 ||    20
 Armour: Skin              |     6 |       |    16 |    87 ||   109
  Dodge: Dodged            |    10 |     3 |    22 |   223 ||   258
